 Dungeon Crawl Stone Soup version 0.25-a0-510-ge065f6de7d (webtiles) character file.

Game seed: 4500974652741591522, levelgen mode: deterministic

7 Gargoyl the Skirmisher (level 1, -11/19 HPs)
             Began as a Centaur Abyssal Knight on Feb 15, 2020.
             Was a Follower of Lugonu.
             Mangled by a thrashing horror (15 damage)
             ... on level 1 of the Abyss.
             The game lasted 00:00:45 (356 turns).

Gargoyl the Skirmisher (Centaur Abyssal Knight)      Turns: 356, Time: 00:00:45

Health: -11/19     AC:  4    Str: 14    XL:     1   Next: 83%
Magic:  2/2        EV:  9    Int: 11    God:    Lugonu [*.....]
Gold:   12         SH:  0    Dex:  8    Spells: 0/0 levels left

rFire    . . .     SeeInvis .   a - +1 hand axe
rCold    . . .     Gourm    .   (no shield)
rNeg     . . .     Faith    .   b - +0 leather armour
rPois    .         Spirit   .   (no helmet)
rElec    .         Reflect  .   (no cloak)
rCorr    .         Harm     .   (no gloves)
MR       .....                  (no barding)
Stlth    ..........             (no amulet)
HPRegen  0.06/turn              e - ring of flight
MPRegen  0.08/turn              f - ring of attention (curse)

@: about to teleport, very quick
A: large, hooves 3, deformed body, speed 2, tough skin 3
a: Depart the Abyss, Renounce Religion, Evoke Flight


You were on level 1 of the Abyss.
You worshipped Lugonu.
Lugonu was aware of your devotion.
You were not hungry.

You visited 0 branches of the dungeon, and saw 0 of its levels.
You visited the Abyss 1 time.

You collected 12 gold pieces.

Inventory:

Hand Weapons
 a - a +1 hand axe (weapon)
Armour
 b - a +0 leather armour (worn)
Jewellery
 e - a ring of flight (left hand)
 f - a cursed ring of attention (right hand)
Comestibles
 c - a ration


   Skills:
 + Level 3.2 Fighting
 + Level 1.9 Axes
 + Level 1.4 Armour
 + Level 0.6 Dodging
 + Level 2.0 Invocations


You couldn't memorise any spells.
You didn't know any spells.
Your spell library was empty.

Dungeon Overview and Level Annotations

Branches:
Dungeon (0/15)

Altars:


Innate Abilities, Weirdness & Mutations

You have hooves in place of feet.
Armour fits poorly on your strangely shaped body.
You cover ground very quickly.
You have extremely tough skin. (AC +3)


Message History

A thrashing horror comes into view.
Oops, that ring feels deathly cold.
f - a cursed ring of attention (right hand)
The thrashing horror roars!
A thrashing horror comes into view.
As you read the scroll of teleportation, it crumbles to dust.
You feel strangely unstable.
You feel the power of the Abyss delaying your translocation!
The thrashing horror roars!
The thrashing horror barely misses you.
The thrashing horror closely misses you.
The thrashing horror roars!
The thrashing horror tramples you!
Ouch! That really hurt!
* * * LOW HITPOINT WARNING * * *
You hold your ground!
The thrashing horror barely misses you.
The thrashing horror roars!
The thrashing horror tramples you!
Ouch! That really hurt!
You die...

.#. .... ..##.
..#..##.. ..
.........#.#....... .
#. .##.#§.......#. # .
##..#.....###....# #.#
#...#.#..##.......
#...##..#...#.........
##.. ..####.#..§.#..
#.# .#### #.XX..#
.#.##...... .##.@#..#
....#........##.#.## .
.#.#....#.#.....
#...#.... . #......# .
##..#.##..#.....
.#.#..####....##..#.#
..... # #... .....
#....##### #....
#..... #...# ## # #


You could see 2 thrashing horrors.

Vanquished Creatures
  A white imp (Abyss:1)
1 creature vanquished.

Notes
Turn   | Place    | Note
-------+----------+-------------------------------------------
     0 | Abyss:1  | Gargoyl the Centaur Abyssal Knight began the quest for the
                  | Orb.
     0 | Abyss:1  | Reached XP level 1. HP: 19/19 MP: 2/2
    49 | Abyss:1  | Found a corrupted altar of Lugonu.
   110 | Abyss:1  | Noticed a six-headed hydra zombie
   269 | Abyss:1  | Noticed a golden eye
   283 | Abyss:1  | Noticed a large abomination
   349 | Abyss:1  | Noticed a thrashing horror
   350 | Abyss:1  | Noticed a thrashing horror
   356 | Abyss:1  | Mangled by a thrashing horror

Levels and vault maps discovered:
Abyss:1:  hangedman_stitches_earthworm

Action                   || total
-------------------------++-------
Melee: Hand axe          ||     7
  Use: Scroll            ||     4
Dodge: Dodged            ||     6

Table legend:
 A = Non-vault XP
 B = Vault XP
 C = Vault XP percentage of total XP
 D = Non-vault monster count
 E = Vault monster count
 F = Vault count percentage of total count
                 A         B        C        D         E       F
            +---------+---------+-------+---------+---------+-------
      Total |      10 |       0 |   0.0 |       1 |       0 |   0.0
            +---------+---------+-------+---------+---------+-------
    Abyss:1 |      10 |       0 |   0.0 |       1 |       0 |   0.0
            +---------+---------+-------+---------+---------+-------
